 Dungeon Crawl Stone Soup version 0.30.0 (webtiles) character file.

Game seed: 2588902513915717868

37 SnakkuSnakku7 the Trooper (level 3, -5/33 HPs)
             Began as a Draconian Cinder Acolyte on May 6, 2023.
             Was a High Priest of Ignis.
             Slain by Terence
             ... wielding a +0 falchion
              (8 damage)
             ... on level 2 of the Dungeon.
             The game lasted 00:01:48 (1272 turns).

SnakkuSnakku7 the Trooper (DrCA)                    Turns: 1272, Time: 00:01:48

Health: -5/33      AC:  5    Str: 16    XL:     3   Next: 23%
Magic:  4/4        EV: 11    Int: 14    God:    Ignis [*****.]
Gold:   50         SH:  0    Dex:  8    Spells: 4/4 levels left

rFire   + . .        a - -1 falchion (flame)
rCold   . . .        (no shield)
rNeg    . . .        (body armour unavailable)
rPois   .            (helmet restricted)
rElec   .            (no cloak)
rCorr   .            (no gloves)
SInv    .            (no boots)
Will    .....        (no amulet)
Stlth   +            (no ring)
HPRegen 0.25/turn    (no ring)
MPRegen 0.09/turn

%: no passive effects
@: no status effects
A: AC +5, unfitting armour, cold-blooded
a: Renounce Religion, Fiery Armour, Foxfire Swarm, Rising Flame


You were on level 2 of the Dungeon.
You worshipped Ignis.
Ignis was extremely pleased with you.
You visited 1 branch of the dungeon, and saw 2 of its levels.

You collected 50 gold pieces.

Inventory:

Hand Weapons
 a - a -1 falchion of flaming (weapon)
Missiles
 b - 2 javelins (quivered)
Jewellery
 j - a ring of positive energy
Scrolls
 e - 2 scrolls of identify {unknown}
 f - a scroll of poison {unknown}
 g - a scroll of enchant weapon {unknown}
 k - a scroll of fog {unknown}
 l - a scroll of vulnerability {unknown}
 m - 3 scrolls of fear {unknown}
 n - a scroll of magic mapping {unknown}
 o - a scroll of amnesia {unknown}
Potions
 c - 3 potions of might {unknown}
 d - a potion of degeneration {unknown}
 h - a potion of magic {unknown}
 i - a potion of mutation {unknown}


   Skills:
 + Level 4.1 Fighting
 + Level 3.7 Long Blades
 - Level 1.0 Spellcasting
 - Level 3.0 Fire Magic


You had 4 spell levels left.
You didn't know any spells.
Your spell library contained the following spells:

 Spells                   Type           Power      Damage    Failure   Level
 Scorch                   Fire           18%        2d5       12%         2


Dungeon Overview and Level Annotations

Branches:
Dungeon (2/15)

Altars:

Shops:
D:1 [

Annotations:
D:2 1 runed translucent door, Crazy Yiuf, Terence


Innate Abilities, Weirdness & Mutations

Your plain brown scales are hard. (AC +5)
You cannot fit into any form of body armour.
You are cold-blooded and may be slowed by cold attacks.


Message History

You hit Terence but do no damage.
Terence is moderately wounded.
Terence misses you.
You hit Terence but do no damage.
Terence is moderately wounded.
Terence hits you but does no damage.
You hit Terence. You burn Terence.
Terence is severely wounded.
Terence hits you with a +0 falchion.
You hit Terence but do no damage.
Terence is severely wounded.
Terence misses you.
You hit Terence but do no damage.
Terence is severely wounded.
Terence barely misses you.
You barely miss Terence.
Terence is severely wounded.
Terence barely misses you.
You hit Terence. You burn Terence.
Terence is severely wounded.
Terence hits you with a +0 falchion.
* * * LOW HITPOINT WARNING * * *
You hit Terence but do no damage.
Terence is severely wounded.
Terence misses you. Terence hits you but does no damage.
You hit Terence but do no damage.
Terence is severely wounded.
Terence barely misses you.
You hit Terence but do no damage.
Terence is severely wounded.
Terence hits you but does no damage.
You hit Terence but do no damage.
Terence is severely wounded.
Terence hits you with a +0 falchion.
* * * LOW HITPOINT WARNING * * *
Activating: Foxfire Swarm
Press: ? - help, Dir - look around, f - activate
Okay, then.
Terence attacks as you move away! Terence hits you with a +0 falchion!
You die...

##.#...##..#
#.##.#.##.###.......
#.#.#.##..#
#.........# ##.....#
#.#.#.##..#
##..[..#### ##...##
#.#.#.....# #.#.#.#
##+## #.#.###)..#
#.#.#.# #.#.# #...#
#.#.#.# #.# #.....#
#####.####.#
#..@@......#
#.###.###...# #...
## #####


You could see Terence.

Vanquished Creatures
  A worm (D:2)
  2 dart slugs (D:2)
  4 endoplasms
  6 hobgoblins
  A ball python (D:1)
  5 bats
  5 frilled lizards
  4 goblins
  3 rats (D:1)
31 creatures vanquished.

Notes
Turn   | Place    | Note
-------+----------+-------------------------------------------
     0 | D:1      | SnakkuSnakku7 the Draconian Cinder Acolyte began the quest
                  | for the Orb.
     0 | D:1      | Reached XP level 1. HP: 19/19 MP: 2/2
   198 | D:1      | Reached XP level 2. HP: 26/26 MP: 3/3
   558 | D:1      | Found Taffynk's Armour Shoppe.
  1023 | D:2      | Reached skill level 4 in Fighting
  1038 | D:2      | Found a runed translucent door.
  1039 | D:2      | Noticed Crazy Yiuf
  1082 | D:2      | Reached XP level 3. HP: 26/33 MP: 4/4
  1248 | D:2      | Noticed Terence
  1272 | D:2      | Slain by Terence

Illustrated notes

Levels and vault maps discovered:
D:1:      dpeg_arrival_tiny_g, layout_basic, serial_shops,
          nicolae_shop_just_a_little_nook, minmay_misc_feat_roman,
          minmay_quantized
D:2:      layout_loops_corners, shapermc_ecumenical_altar_totnotflames,
          chequers_serial_rivers_micro_a, uniq_terence, uniq_crazy_yiuf_cottage,
          uniq_robin

Skill      XL: |  1  2 |
---------------+-------+-----
Fighting       | 4 |  4.1
Long Blades    | |  3.7
Spellcasting   | |  1.0
Fire Magic     | |  3.0

Action                     || total
---------------------------++-------
  Melee: Falchion          ||   136
         Tailslap          ||    10
   Stab: Sleeping          ||     1
 Armour: Skin              ||    46
  Dodge: Dodged            ||    98
